 Dungeon Crawl Stone Soup version 0.29.0-4-gdea44cf6ec (webtiles) character file.

Game seed: 5772230791892872128

74 qw the Chopper (level 4, 0/26 HPs)
             Began as a Tengu Warper on Aug 29, 2022.
             Slain by an orc
             ... wielding a +1 mace of venom
              (2 damage)
             ... on level 2 of the Dungeon.
             The game lasted 00:00:38 (2590 turns).

qw the Chopper (Tengu Warper)                       Turns: 2590, Time: 00:00:38

Health: 0/26       AC:  5    Str: 13    XL:     4   Next: 30%
Magic:  8/8        EV: 11    Int: 13    God:
Gold:   153        SH:  5    Dex: 14    Spells: 7/7 levels left

rFire   . . .      SeeInvis .   Y - +0 hand axe
rCold   . . .      Faith    .   (no shield)
rNeg    . . .      Spirit   .   h - +0 ring mail
rPois   .          Reflect  +   (helmet restricted)
rElec   .          Harm     .   (no cloak)
rCorr   .          Rampage  .   (no gloves)
Will    .....                   (boots unavailable)
Stlth   +.........              a - amulet of reflection
HPRegen 0.08/turn               (no ring)
MPRegen 0.11/turn               (no ring)

@: lethally poisoned (0 -> -13), about to teleport
A: beak, talons 3
a: no special abilities


You were on level 2 of the Dungeon.
You visited 1 branch of the dungeon, and saw 3 of its levels.

You collected 153 gold pieces.


Innate Abilities, Weirdness & Mutations

You have a beak for a mouth.
You have claws for feet.


   Skills:
 - Level 2.0 Fighting
 + Level 4.9 Axes
 - Level 1.0 Throwing
 - Level 1.1 Armour
 - Level 2.1 Dodging
 - Level 2.0 Spellcasting
 - Level 2.4 Translocations


You had 7 spell levels left.
You didn't know any spells.
Your spell library contained the following spells:

 Spells                   Type           Power      Damage    Failure   Level
 Blink                    Tloc           14%        N/A       30%         2
 Gell's Gravitas          Tloc           7%         N/A       52%         3
 Lesser Beckoning         Tloc           7%         N/A       52%         3
 Teleport Other           Tloc           7%         N/A       52%         3
 Manifold Assault         Tloc           7%         N/A       99%         5

Inventory:

Hand Weapons
 g - a +0 flail
 Y - a +0 hand axe (weapon)
Armour
 b - a +1 hat
 h - a +0 ring mail (worn)
Jewellery
 a - an amulet of reflection (around neck)
 c - a ring of wizardry
Potions
 d - a potion of ambrosia {unknown}
 j - a potion of haste {unknown}
 l - a potion of curing

Dungeon Overview and Level Annotations

Branches:
Dungeon (3/15)

Altars:
Wu Jian


Message History

You hit the orc.
You kill the orc!
An orc is nearby!
2572 ||| Stepping ~*~*~tactically~*~*~ (stealth).
2573 ||| Stepping ~*~*~tactically~*~*~ (stealth).
An orc is nearby!
2575 ||| Stepping ~*~*~tactically~*~*~ (stealth).
2576 ||| Stepping ~*~*~tactically~*~*~ (stealth).
Found a human skeleton.
The orc shouts!
You barely miss the orc. You block the orc's attack.
You hit the orc but do no damage. Your peck misses the orc.
The orc hits you with a +1 mace of venom.
You are poisoned.
You hit the orc. You peck the orc.
The orc is severely wounded.
You feel very sick.
The orc hits you with a +1 mace of venom.
You are more poisoned.
You hit the orc but do no damage. You claw the orc, but do no damage.
You peck the orc, but do no damage.
The orc is severely wounded.
You feel very sick.
The orc hits you with a +1 mace of venom.
You are more poisoned.
You hit the orc but do no damage. Your kick misses the orc.
The orc is severely wounded.
You feel very sick. You block the orc's attack.
You closely miss the orc. You claw the orc, but do no damage.
The orc is severely wounded.
You feel very sick. You block the orc's attack.
2590 ||| READING scroll of teleportation.
As you read the scroll of teleportation, it crumbles to dust.
You feel strangely unstable.
You feel very sick.
The orc hits you with a +1 mace of venom.
You die...

.............%####...............
#############......#.#######.....
.#### #%#.######.# ####.....
....# ####'#### #.# #........
.##.####.......## #.# #.#####..
.....##.........## #.# #.# #..
.##..#...........# #.####.# #..
...###....#~#....# #....#.#####..
.#.# +....~_~..o@+ ####......##..
.#.###....#~#....# ###(##.##..
...#.#....¤......# #.##.....
##...##...¤.¤...## #.##.##.#
#.#.###.......## #.##.##.# ##.#.#
##.....## #####.##.##.# ...#.#
#.......# #>....##.##.# ####.#
#...}...######.######..... #.#
###......[.....# #....##.#


You could see an orc.

Vanquished Creatures
  3 adders (D:2)
  A dart slug (D:2)
  2 orcs
  3 bats
  4 endoplasms (D:2)
  2 giant cockroaches
  6 goblins
  4 hobgoblins
  A quokka (D:1)
  5 ball pythons
  6 kobolds
  2 rats (D:2)
39 creatures vanquished.

Notes
Turn   | Place    | Note
-------+----------+-------------------------------------------
     0 | D:1      | qw the Tengu Warper began the quest for the Orb.
     0 | D:1      | Reached XP level 1. HP: 12/12 MP: 4/4
     0 | D:1      | 0 ||| qw: Version: 0.1-a-89-g26bdef1
     0 | D:1      | 0 ||| qw: Game counter: 3499
     0 | D:1      | 0 ||| qw: Always use a shield: true
     0 | D:1      | 0 ||| qw: God list: Okawaru
     0 | D:1      | 0 ||| qw: Allow faded altars: false
     0 | D:1      | 0 ||| qw: Do Orc after D:15 true
     0 | D:1      | 0 ||| qw: Do second Lair branch before Depths: true
     0 | D:1      | 0 ||| qw: Lair rune preference: random
     0 | D:1      | 0 ||| qw: Plans: Normal
     0 | D:1      | 0 ||| PLANNING D:1-11
   217 | D:1      | 217 ||| DROPPING +0 club.
   228 | D:1      | Reached skill level 3 in Axes
   228 | D:1      | Reached XP level 2. HP: 13/17 MP: 6/6
   310 | D:1      | 310 ||| Stepping ~*~*~tactically~*~*~ (stealth).
  1425 | D:1      | Reached XP level 3. HP: 21/21 MP: 7/7
  1481 | D:1      | 1481 ||| UPGRADING to +0 ring mail.
  1491 | D:1      | 1491 ||| DROPPING +0 leather armour.
  1492 | D:1      | 1492 ||| READING scroll labelled FUREUGH AKKUL.
  1493 | D:1      | 1493 ||| READING scroll labelled EROGARGHUGE.
  1496 | D:1      | 1496 ||| READING scroll labelled BIMIKI QEDDOS.
  1497 | D:1      | 1497 ||| READING scroll labelled ZAASUN YNADE.
  1498 | D:1      | 1498 ||| READING scroll labelled HAERES ATEPS.
  1499 | D:1      | 1499 ||| DRINKING 2 yellow potions.
  1500 | D:1      | 1500 ||| DROPPING scroll of blinking.
  1610 | D:2      | Reached skill level 4 in Axes
  1676 | D:2      | You fall into a shaft and drop 1 floor!
  1717 | D:3      | 1717 ||| DROPPING +0 whip.
  1723 | D:3      | 1723 ||| UPGRADING to amulet of reflection.
  1728 | D:3      | 1728 ||| READING scroll labelled YMIWAV LODIV.
  1729 | D:3      | 1729 ||| READING scroll labelled ZAGIME NAXKU.
  1850 | D:3      | 1850 ||| READING scroll labelled SIORGH FECHIP.
  1859 | D:2      | Found an ornate altar of the Wu Jian Council.
  1917 | D:2      | 1917 ||| Stepping ~*~*~tactically~*~*~ (hiding).
  1918 | D:2      | 1918 ||| Stepping ~*~*~tactically~*~*~ (hiding).
  1965 | D:2      | 1965 ||| Stepping ~*~*~tactically~*~*~ (stealth).
  2019 | D:2      | Reached XP level 4. HP: 26/26 MP: 8/8
  2191 | D:2      | 2191 ||| Stepping ~*~*~tactically~*~*~ (stealth).
  2192 | D:2      | 2192 ||| Stepping ~*~*~tactically~*~*~ (stealth).
  2194 | D:2      | 2194 ||| Stepping ~*~*~tactically~*~*~ (stealth).
  2196 | D:2      | 2196 ||| Stepping ~*~*~tactically~*~*~ (stealth).
  2198 | D:2      | 2198 ||| Stepping ~*~*~tactically~*~*~ (stealth).
  2330 | D:2      | 2330 ||| Stepping ~*~*~tactically~*~*~ (stealth).
  2339 | D:2      | 2339 ||| Stepping ~*~*~tactically~*~*~ (stealth).
  2564 | D:2      | 2564 ||| Stepping ~*~*~tactically~*~*~ (stealth).
  2566 | D:2      | 2566 ||| Stepping ~*~*~tactically~*~*~ (stealth).
  2567 | D:2      | 2567 ||| Stepping ~*~*~tactically~*~*~ (stealth).
  2568 | D:2      | 2568 ||| Stepping ~*~*~tactically~*~*~ (stealth).
  2572 | D:2      | 2572 ||| Stepping ~*~*~tactically~*~*~ (stealth).
  2573 | D:2      | 2573 ||| Stepping ~*~*~tactically~*~*~ (stealth).
  2575 | D:2      | 2575 ||| Stepping ~*~*~tactically~*~*~ (stealth).
  2576 | D:2      | 2576 ||| Stepping ~*~*~tactically~*~*~ (stealth).
  2589 | D:2      | HP: 4/26 [poisoned by an orc]
  2590 | D:2      | 2590 ||| READING scroll of teleportation.
  2590 | D:2      | Slain by an orc

Levels and vault maps discovered:
D:1:      scummos_arrival_forest, layout_basic, serial_park_tiny_2
D:2:      layout_loops_ring, basic_altar,
          hellmonk_ecumenical_altar_defaced_shrine, corexii_corridor_pit
D:3:      wad_crossroads, layout_basic

Skill      XL: |  1  2  3 |
---------------+----------+-----
Axes           | 3 4 |  4.9
Fighting       | |  2.0
Throwing       | |  1.0
Armour         | |  1.1
Dodging        | |  2.1
Spellcasting   | |  2.0
Translocations | |  2.4

Action                   |  1- 3 |  4- 6 || total
-------------------------+-------+-------++-------
Melee: Hand axe          |    75 |    23 ||    98
       Kick              |    16 |     5 ||    21
       Peck              |    13 |     5 ||    18
Throw: Boomerang         |     7 |       ||     7
  Use: Scroll            |     8 |     1 ||     9
       Potion            |     1 |       ||     1
Armor: Leather armour    |    13 |       ||    13
       Ring mail         |     5 |     3 ||     8
Dodge: Dodged            |    36 |     9 ||    45
Block: Other             |     5 |     8 ||    13
       Reflection        |     2 |     1 ||     3

Table legend:
 A = Non-vault XP
 B = Vault XP
 C = Vault XP percentage of total XP
 D = Non-vault monster count
 E = Vault monster count
 F = Vault count percentage of total count
                 A         B        C        D         E       F
            +---------+---------+-------+---------+---------+-------
      Total |     104 |       3 |   2.8 |      38 |       1 |   2.6
            +---------+---------+-------+---------+---------+-------
        D:1 |      35 |       0 |   0.0 |      19 |       0 |   0.0
        D:2 |      66 |       3 |   4.3 |      18 |       1 |   5.3
        D:3 |       3 |       0 |   0.0 |       1 |       0 |   0.0
            +---------+---------+-------+---------+---------+-------
